 Dungeon Crawl Stone Soup version 0.18-a0-1353-gf2a912f (webtiles) character file.

48 KarvaRausku the Magician (level 3, -2/14 HPs)
             Began as a Felid Wizard on Feb 19, 2016.
             Slain by a quokka (5 damage)
             ... on level 2 of the Dungeon.
             The game lasted 00:09:20 (2487 turns).

KarvaRausku the Magician (Felid Wizard)             Turns: 2487, Time: 00:09:21

Health: -2/14      AC:  1    Str:  3    XL:     3   Next: 50%
Magic:  0/8        EV: 17    Int: 20    God:
Gold:   128        SH:  0    Dex: 14    Spells: 4 memorised, 0 levels left
                                        Lives:  0   Deaths: 0

rFire  . . .     SeeInvis +     (weapon unavailable)
rCold  . . .     Gourm    .     (armour unavailable)
rNeg   . . .     Faith    .     (shield unavailable)
rPois  .         Spirit   .     (helmet unavailable)
rElec  .         Dismiss  .     (cloak unavailable)
rCorr  .         Reflect  .     (gloves unavailable)
SustAt .         Harm     .     (boots unavailable)
MR     .....                    (no amulet)
Stlth  +++.......               (no ring)
                                (no ring)

@: quick, not resistant to hostile enchantments, fairly stealthy
A: no armour, no weapons or thrown items, claws 1, fangs 3, see invisible,
carnivore 3, speed 1, shaggy fur 1, slow metabolism 1, sharp paws
a: no special abilities


You were on level 2 of the Dungeon.
You were not hungry.

You visited 1 branch of the dungeon, and saw 2 of its levels.

You collected 128 gold pieces.

Inventory:

Jewellery
 n - a cursed -4 ring of protection {unknown}
Wands
 h - a wand of slowing (31/48)
Scrolls
 c - 2 scrolls of remove curse {unknown}
 e - a scroll of noise {unknown}
 g - 3 scrolls of magic mapping {unknown}
 i - a scroll of identify {unknown}
 j - 2 scrolls of fear {unknown}
 k - a scroll of recharging {unknown}
 l - a scroll of random uselessness {unknown}
Potions
 d - a potion of degeneration {unknown}
 m - a potion of heal wounds {unknown}
Books
 a - a book of Minor Magic

   Spells                             Type                      Level
   a - Magic Dart                     Conjuration                  1
   b - Blink                          Translocation                2
   c - Call Imp                       Summoning                    2
   d - Repel Missiles                 Charms/Air                   2
   e - Slow                           Hexes                        2
   f - Conjure Flame                  Conjuration/Fire             3
   g - Mephitic Cloud                 Conjuration/Poison/Air       3
Comestibles
 b - a meat ration
 f - a slice of pizza


   Skills:
 - Level 2.6 Dodging
 - Level 2.6 Stealth
 + Level 3.4 Spellcasting
 + Level 1.6 Conjurations
 + Level 1.7 Summonings
 + Level 2.7 Translocations


You couldn't memorise any spells.
You knew the following spells:

 Your Spells              Type           Power        Failure   Level  Hunger
a - Magic Dart            Conj           ##..         10%         1    None
b - Blink                 Tloc           N/A          10%         2    ##.....
c - Call Imp              Summ           ##......     12%         2    ##.....
d - Conjure Flame         Conj/Fire      #.......     30%         3    ###....


Dungeon Overview and Level Annotations

Branches:
Dungeon (2/15)

Altars:
The Shining One


Innate Abilities, Weirdness & Mutations

You cannot wear armour.
You are incapable of wielding weapons or throwing items.
You have sharp claws.
You have razor-sharp teeth.
You have supernaturally acute eyesight.
You are carnivorous and can eat meat at any time.
You cover ground quickly.
You are covered in fur (AC +1).
You have a slow metabolism.
Your sharp claws are effective at attacking unaware monsters.


Message History

Aim: a jackal (heavily wounded)
The magic dart hits the jackal.
You kill the jackal!
Casting: Magic Dart
Confirm with . or Enter, or press ? or * to list all spells.
Aiming: Magic Dart
Press: ? - help, Shift-Dir - straight line, f - quokka
Aim: a quokka The magic dart hits the quokka.
The quokka bites you.
* * * LOW HITPOINT WARNING * * *
Your shadow imp completely misses the quokka.
Casting: Magic Dart
Confirm with . or Enter, or press ? or * to list all spells.
Aiming: Magic Dart
Press: ? - help, Shift-Dir - straight line, f/p - quokka
Aim: a quokka The magic dart hits the quokka.
The quokka is heavily wounded.
The quokka bites you.
You die...

#(##..........###.#[# #.#
#%##................# #.#
#.##.......r...##.#.######.#
#.######'###...............#
#.# #...####.##...########
#.#####.#.####.#...........#
#.#..##.#.##..r#.#..#.####.#
#.(.###.#.###..#...<.....#.#
#######.#.####.#@##.####.#.#
##..#..####r5........#.# ##
##..###..####.##..#####.#
.###....#....######..## #.#
.##..[........# #...# #.#
.#######.###### ##..## #.#
.### #._.##########...###.#
.#.#
##$###....##.......#.######
.#.#
#####....##.##.>.........#


You could see a quokka and a friendly shadow imp.

Vanquished Creatures
  An ooze (D:1)
  A worm (D:2)
  A giant gecko (D:2)
  3 bats (D:1)
  2 giant cockroaches
  2 goblins (D:2)
  3 hobgoblins
  2 jackals (D:2)
  7 kobolds
  9 rats
31 creatures vanquished.

Vanquished Creatures (collateral kills)
  An ooze (D:1)
  A worm (D:2)
  A kobold (D:1)
  A bat (D:1)
4 creatures vanquished.

Grand Total: 35 creatures vanquished

Notes
Turn   | Place    | Note
--------------------------------------------------------------
     0 | D:1      | KarvaRausku the Felid Wizard began the quest for the Orb.
     0 | D:1      | Reached XP level 1. HP: 7/7 MP: 5/5
   152 | D:1      | Reached skill level 1 in Conjurations
   470 | D:1      | Reached XP level 2. HP: 11/11 MP: 0/7
   542 | D:1      | Learned a level 2 spell: Blink
   545 | D:1      | Learned a level 2 spell: Call Imp
  1175 | D:1      | Reached XP level 3. HP: 14/14 MP: 3/8
  1707 | D:2      | Learned a level 3 spell: Conjure Flame
  2444 | D:2      | Found a glowing golden altar of the Shining One.
  2487 | D:2      | Slain by a quokka

Vault maps used:
D:1:      lightli_molten_gateway, minivault_25
D:2:      nicolae_tso_swordbearing_angel

Action                   || total
-------------------------++-------
Melee: Unarmed           ||    26
 Cast: Magic Dart        ||   106
       Call Imp          ||     6
       Blink             ||     2
  Eat: Chunk             ||     5
